 Dungeon Crawl Stone Soup version 0.31-a0-1388-g4b2ba238e7 (webtiles) character file.

Game seed: 15192463767172039505

266329 grandjackal the Harbinger of Death (level 19, -12/163 (174) HPs)
             Began as a Demonspawn Gladiator on Dec 24, 2023.
             Was a Believer of Yredelemnul.
             Killed from afar by a deep elf death mage (43 damage)
             ... with a bolt of negative energy
             ... on level 3 of the Elven Halls.
             The game lasted 01:03:07 (43187 turns).

grandjackal the Harbinger of Death (DsGl)          Turns: 43187, Time: 01:03:10

HP:   -12/163 (174) AC: 20    Str: 19    XL:     19   Next: 32%
MP:   35/35         EV: 21    Int: 10    God:    Yredelemnul [**....]
Gold: 1973          SH: 22    Dex: 22    Spells: 18/18 levels left

rFire   + . .        F - +5 demon blade (elec)
rCold   + . .        T - +1 buckler {rF+}
rNeg    . . .        w - +1 ring mail {Will+}
rPois   +            I - +2 hat {Will+}
rElec   .            p - +2 cloak {rCorr}
rCorr   +            R - +2 pair of gloves
SInv    .            (boots unavailable)
Will    +++..        q - amulet of reflection
Stlth   +            B - +4 ring of protection
HPRegen 0.47/turn    S - ring of the Cicada {rPois rC+ Str+5 Slay+3}
MPRegen 0.24/turn

%: reflection
@: agile, about to teleport, drained
A: hooves 3, large bone plates 3, foul stench 2, powered by pain 1, corrupting
presence 1
}: 2/15 runes: decaying, gossamer
a: Renounce Religion, Recall Undead Harvest, Dark Bargain


You were on level 3 of the Elven Halls.
You worshipped Yredelemnul.
Yredelemnul was extremely pleased with you.
You visited 7 branches of the dungeon, and saw 34 of its levels.
You also visited: Ossuary and Bailey.

You collected 5179 gold pieces.
You spent 3206 gold pieces at shops.

Inventory:

Hand Weapons
 o - a +0 spectral demon blade
 F - a +5 demon blade of electrocution (weapon)
Missiles
 d - 4 throwing nets (quivered)
 e - 42 javelins
 n - 9 silver javelins
Armour
 g - a scarf of repulsion
 p - a +2 cloak of preservation (worn)
 w - a +1 ring mail of willpower (worn)
 D - a scarf of resistance
 I - a +2 hat of willpower (worn)
 L - a +0 kite shield
 R - a +2 pair of gloves (worn)
 T - a +1 buckler of fire resistance (worn)
Jewellery
 q - an amulet of reflection (around neck)
 A - a ring of resist corrosion
 B - a +4 ring of protection (left hand)
 M - the ring "Qiaruacare" {Wiz rC+ Int+4 Dex+3}
   (You bought it in a shop on level 3 of the Elven Halls)

   [ring of wizardry]

   Wiz:       It improves your spell success rate.
   Int+4:     It affects your intelligence (+4).
   Dex+3:     It affects your dexterity (+3).
   rC+:       It protects you from cold.
 S - the ring of the Cicada (right hand) {rPois rC+ Str+5 Slay+3}
   (You bought it in a shop on level 2 of the Orcish Mines)

   [ring of protection from cold]

   Str+5:     It affects your strength (+5).
   Slay+3:    It affects your accuracy & damage with ranged weapons and melee
   (+3).
   rC+:       It protects you from cold.
   rPois:     It protects you from poison
 U - a ring of protection from cold
 Y - a ring of positive energy
Wands
 b - a wand of charming (44)
 i - a wand of mindburst (29)
 k - a wand of roots (16)
 t - a wand of digging (15)
 C - a wand of polymorph (16)
 G - a wand of flame (64)
 J - a wand of acid (17)
Scrolls
 a - 3 scrolls of poison
 c - 7 scrolls of enchant armour
 j - a scroll of silence
 m - 2 scrolls of revelation
 r - 11 scrolls of teleportation
 y - 9 scrolls of fog
 E - 6 scrolls of vulnerability
 K - 5 scrolls of identify
 O - 2 scrolls of torment
 Q - 4 scrolls of fear
 V - a scroll of brand weapon
Potions
 f - 6 potions of might
 h - 14 potions of curing
 l - 5 potions of lignification
 s - a potion of enlightenment
 u - 5 potions of magic
 v - 4 potions of resistance
 x - 11 potions of heal wounds
 z - 4 potions of mutation
 H - 4 potions of ambrosia
 N - 6 potions of haste
 P - a potion of invisibility
 W - 3 potions of brilliance


   Skills:
 + Level 21.6 Fighting
 - Level 15.0 Long Blades
 - Level 2.0 Throwing
 + Level 8.6 Armour
 - Level 8.3 Dodging
 + Level 10.9 Shields
 + Level 24.2 Invocations


You had 18 spell levels left.
You didn't know any spells.
Your spell library contained the following spells:

 Spells                   Type           Power      Damage    Failure   Level
 Apportation              Tloc           0%         N/A       56%         1
 Foxfire                  Conj/Fire      0%         2x1d4     56%         1
 Shock                    Conj/Air       0%         1d3       56%         1
 Cigotuvi's Dreadful Rot  Necr/Alch/Air  0%         N/A       71%         2
 Jinxbite                 Hex            0%         N/A       71%         2
 Mercury Vapours          Alch/Air       0%         N/A       71%         2
 Dazzling Flash           Conj/Hex       0%         N/A       91%         3
 Hailstorm                Conj/Ice       0%         3d5       91%         3
 Inner Flame              Hex/Fire       0%         N/A       91%         3
 Mephitic Cloud           Conj/Alch/Air  0%         N/A       91%         3
 Ozocubu's Armour         Ice            0%         N/A       91%         3
 Stone Arrow              Conj/Erth      0%         3d7       91%         3
 Swiftness                Air            0%         N/A       91%         3
 Airstrike                Air            0%         2d(0-16)  100%        4
 Animate Armour           Summ/Erth      0%         N/A       100%        4
 Flame Wave               Conj/Fire      0%         2d4       100%        4
 Ignite Poison            Fire/Alch      0%         N/A       100%        4
 Iskenderun's Mystic Bla  Conj/Tloc      0%         2d3       100%        4
 Leda's Liquefaction      Alch/Erth      0%         N/A       100%        4
 Sticky Flame             Fire/Alch      0%         2d4       100%        4
 Summon Ice Beast         Ice/Summ       0%         N/A       100%        4
 Summon Lightning Spire   Summ/Air       0%         N/A       100%        4
 Alistair's Intoxication  Alch           0%         N/A       100%        5
 Borgnjor's Vile Clutch   Necr/Erth      0%         N/A       100%        5
 Freezing Cloud           Conj/Ice/Air   0%         6-21      100%        5
 Iskenderun's Battlesphe  Conj           0%         2d6       100%        5
 Lee's Rapid Deconstruct  Erth           0%         3d4*      100%        5
 Metabolic Englaciation   Hex/Ice        0%         N/A       100%        5
 Summon Mana Viper        Hex/Summ       0%         N/A       100%        5
 Bombard                  Conj/Erth      0%         9d1       100%        6
 Eringya's Noxious Bog    Alch           0%         4d6       100%        6
 Plasma Beam              Fire/Air       0%         2x1d10    100%        6
 Starburst                Conj/Fire      0%         6d3       100%        6
 Monstrous Menagerie      Summ           0%         N/A       100%        7
 Spellforged Servitor     Conj/Summ      0%         N/A       100%        7
 Lehudib's Crystal Spear  Conj/Erth      0%         10d2      100%        8
 Simulacrum               Ice/Necr       Unusable   N/A       N/A         6

Dungeon Overview and Level Annotations

Branches:
Dungeon (15/15)            Temple (1/1) D:5            Lair (5/5) D:10
  Swamp (4/4) Lair:3       Spider (4/4) Lair:2        Slime (0/5) Lair:4
    Orc (2/2) D:9             Elf (3/3) Orc:2        Vaults (0/5) D:14
 Depths (0/4) D:15        Ossuary (visited)          Bailey (visited)

Altars:
Ashenzari
Cheibriados
Dithmenos
Fedhas
Gozag
Hepliaklqana
Kikubaaqudgha
Makhleb
Nemelex Xobeh
Okawaru
Qazlal
Ru
Sif Muna
Trog
Uskayaw
Vehumet
Wu Jian
Xom
Yredelemnul
Jiyva
Lugonu

Shops:
Orc:2 ![[=   Elf:2 [*!*(   Elf:3 :==

Portals:
Abyss: Lair:5

Annotations:
D:4 2 transporters, MisterAzrael's ghost, novice OpSh
D:14 1 runed translucent door
Lair:3 1 runed translucent door, Loonster's ghost, journeyman TrSh
Spider:2 Roxanne
Elf:2 3 runed translucent doors


Innate Abilities, Weirdness & Mutations

You have hooves in place of feet.
You are completely covered in large bone plates. (SH +8)
You sometimes emit foul miasma when damaged in melee.
You sometimes gain a little power by taking damage.
Your presence sometimes corrodes those you injure.


Message History

Unknown command.
You closely miss the deep elf death mage.
You kick the deep elf death mage!
The deep elf death mage is moderately wounded.
The deep elf death mage hits you but does no damage.
Unknown command.
You slash the deep elf death mage!
Lightning courses through the deep elf death mage!!
Your corrupting presence corrodes the deep elf death mage!
The deep elf death mage seems to be corroded for longer.
You kick the deep elf death mage.
The deep elf death mage is severely wounded.
You block the deep elf annihilator's attack.
You slice the deep elf death mage!!
The deep elf death mage is almost dead.
Your deep elf sorcerer zombie hits the deep elf annihilator!
You block the deep elf death mage's attack.
The deep elf death mage barely misses your deep elf sorcerer zombie.
Unknown command.
You slash the deep elf death mage!
The deep elf death mage is no longer covered in acid.
The lost soul assumes the form of the deep elf death mage and becomes anchored to this world!
You kick the ghostly deep elf death mage!
The ghostly deep elf death mage is lightly damaged.
The deep elf annihilator gestures wildly while chanting.
The deep elf annihilator blinks!
You slice the ghostly deep elf death mage!!
The ghostly deep elf death mage is heavily damaged.
The deep elf annihilator gestures at you while chanting.
The bolt of lightning hits your deep elf sorcerer zombie!!!
The bolt of lightning hits you!!!
* * * LOW HITPOINT WARNING * * *
You hear a shout!
As you read the scroll of teleportation, it crumbles to dust.
You feel strangely unstable.
The deep elf annihilator hits your deep elf demonologist zombie with a +0 long sword!
The deep elf death mage casts a spell at you.
The bolt of negative energy hits you!!!
You feel drained.
You die...
Your body rises from the dead as a mindless zombie.

,,##..4).##............###
♣♣.∩
,,,###.###............##
♣P..
.....)3)............###
♣.∩. .....3))...........##
♣P.. ................$..#
♣♣.∩ .............###.e.#
♣♣. ...........#.###Z..#
♣♣ ##........####*.Z..#
,####...####..*○@e.#
,,,**,,,**#..*.e...#
,,,,*,,,*..........#
,,,,,,,,,..........#
,,,,,,,,,.........!#
,,,,,,,,,..........#
,,,,,,,,,.........##*
,,,,,,,,,.......###,***
,,,***,***,,,,,**,,,,,**


You could see a deep elf death mage, a ghostly deep elf death mage, a deep elf
annihilator (ally target), 3 lost souls, a friendly deep elf demonologist zombie
and a friendly deep elf sorcerer zombie.

Vanquished Creatures
  A bone dragon (Swamp:3)
  Zenata (Elf:1)
  Mlioglotl (Spider:1)
  A deep elf blademaster (Elf:3)
  Asterion (Elf:1)
  3 deep elf master archers (Elf:3)
  Frances (Elf:1)
  2 fenstrider witches (Swamp:3)
  8 deep elf sorcerers (Elf:3)
  4 emperor scorpions
  5 ghost moths
  A ghoul (Swamp:4)
  A broodmother (Spider:3)
  A deep elf elementalist (Elf:3)
  A deep elf death mage (Elf:3)
  3 deep elf demonologists (Elf:3)
  5 deep elf annihilators
  3 eleionomae
  2 bunyips (Swamp:4)
  A spark wasp (Spider:4)
  4 deep elf high priests (Elf:3)
  A fire dragon (D:15)
  7 entropy weavers
  4 vault guards (D:14)
  8 hydras
  A death knight (D:14)
  An ice dragon (D:15)
  A rakshasa (D:14)
  Erica (Lair:1)
  A radroach (Spider:1)
  A ghost crab (Swamp:4)
  An ogre mage (D:15)
  3 alligators
  4 centaur warriors
  10 two-headed ogres
  A catoblepas (Lair:1)
  4 jorogumos (Spider:4)
  4 tengu warriors
  7 boulder beetles
  7 death yaks
  11 dancing weapons
  7 demonic crawlers
  3 orc high priests
  4 thrashing horrors (Lair:5)
  A spriggan berserker (Swamp:1)
  5 deep elf knights
  2 skeletal warriors (D:14)
  5 goliath frogs
  3 skysharks
  3 pharaoh ants (Spider:3)
  6 orb spiders
  A spriggan rider (Swamp:2)
  A large abomination (Lair:5)
  2 spriggan druids
  A swamp dragon (Swamp:3)
  11 deep elf archers
  An arcanist (D:10)
  A spectral hydra (Swamp:4)
  A jorogumo zombie (Spider:4)
  23 deep elf zephyrmancers
  5 bog bodies
  A phantasmal warrior (D:14)
  2 steelbarb worms
  5 orc sorcerers
  6 alligator zombies (Swamp:4)
  A wolf spider zombie (D:14)
  23 deep elf pyromancers
  11 wolf spiders
  2 will-o-the-wisps (Swamp:2)
  2 manticores
  14 ugly things
  10 elephants
  Maurice (D:8)
  6 moths of wrath
  3 cyclopes
  A kobold blastminer (Orc:2)
  Joseph (D:8)
  A spectral elf (Elf:3)
  4 molten gargoyles (D:12)
  2 black mambas
  8 cane toads
  A centaur zombie (D:14)
  A gargoyle (D:13)
  4 torpor snails
  Jeremiah (D:6)
  A smoke demon (Lair:5)
  Maggie (D:7)
  A black mamba (shapeshifter) (Lair:5)
  4 spectral redbacks (Spider:3)
  8 komodo dragons
  A swamp worm zombie (Swamp:4)
  A freezing wraith (D:14)
  2 efreet (D:14)
  A redback zombie (Spider:3)
  2 kobold demonologists
  A tengu conjurer (D:14)
  4 rime drakes
  Psyche (D:12)
  4 hydra zombies (Swamp:4)
  6 meliai
  8 trolls
  4 hornets
  A queen bee (shapeshifter) (D:14)
  6 tyrant leeches
  A spectral tarantella (Spider:3)
  Grinder (D:6)
  A polar bear (shapeshifter) (Lair:5)
  28 tarantellas
  29 blink frogs
  2 raiju (Lair:5)
  7 dream sheep
  2 spectral swamp dragons (Swamp:4)
  A culicivora zombie (Spider:4)
  A spectral culicivora (Spider:3)
  A jumping spider zombie (Spider:3)
  15 slime creatures
  14 culicivoras
  14 jumping spiders
  2 air elementals
  4 spriggans
  A centaur simulacrum (D:14)
  3 wraiths
  3 fire elementals
  28 yaks
  2 vampires (D:12)
  5 water elementals
  7 wyverns
  6 humans (D:14)
  A yak (shapeshifter) (Lair:5)
  6 hogs (D:13)
  8 basilisks
  A shadow (D:10)
  2 hogs (shapeshifter) (D:14)
  10 vampire mosquitoes
  2 wargs (Orc:2)
  44 redbacks
  A steam dragon (Lair:1)
  2 chaos spawn (Lair:5)
  8 small abominations (Lair:5)
  14 swamp worms
  An acid dragon (D:11)
  15 water moccasins
  4 swamp drakes
  29 orc warriors
  2 sky beasts (D:6)
  2 black bears
  7 ice beasts
  3 swamp dragon zombies (Swamp:4)
  12 wolves
  A tengu (shapeshifter) (D:14)
  A black bear (shapeshifter) (D:11)
  21 ogres
  A boggart (D:6)
  14 centaurs
  3 phantoms
  3 earth elementals
  11 bullfrogs
  4 kobold brigands (D:9)
  5 gnoll sergeants
  2 weeping skulls (Ossuary)
  An elf zombie (Ossuary)
  A necrophage (Swamp:4)
  A scorpion (D:6)
  11 wights
  6 killer bees (D:9)
  2 electric eels
  5 crimson imps
  4 howler monkeys
  2 bombardier beetles
  A human zombie (Ossuary)
  3 hounds
  18 orc priests
  A jelly (D:4)
  An iguana (D:5)
  34 orc wizards
  2 sleepcaps
  2 spectral swamp drakes (Swamp:4)
  2 mummies (Ossuary)
  A howler monkey zombie (Ossuary)
  Robin (D:4)
  7 adders
  9 gnolls
  2 swamp drake zombies (Swamp:4)
  A white imp (D:7)
  2 worms (D:3)
  101 orcs
  6 ball pythons
  11 endoplasms
  4 giant cockroaches
  19 goblins
  13 hobgoblins
  13 jackals
  5 quokkas
  4 bats
  4 frilled lizards
  2 gnoll zombies (Ossuary)
  12 kobolds
  6 rats
1120 creatures vanquished.

Vanquished Creatures (collateral kills)
  Jorgrun (Orc:2)
  Gastronok (D:8)
  An emperor scorpion (Spider:4)
  A deep elf elementalist (Elf:3)
  A bunyip (Swamp:1)
  A spark wasp (Spider:3)
  2 entropy weavers (Spider:4)
  A spriggan air mage (Swamp:1)
  3 hydras
  2 jorogumos (Spider:4)
  A two-headed ogre (D:9)
  3 death yaks
  6 demonic crawlers
  Lodul (D:11)
  A pharaoh ant (Spider:4)
  3 orb spiders (Spider:4)
  A goliath frog (Swamp:3)
  A death drake (Swamp:4)
  A sun moth (Spider:4)
  3 steelbarb worms
  4 bog bodies
  3 deep elf pyromancers
  An ugly thing (D:14)
  A cyclops (D:15)
  3 wolf spiders
  An orc sorcerer (Orc:2)
  2 moths of wrath
  A manticore (D:14)
  A will-o-the-wisp (Swamp:3)
  2 black mambas (Lair:5)
  4 elephants (Lair:5)
  A torpor snail (Spider:4)
  A smoke demon (Lair:5)
  A cane toad (Lair:1)
  2 komodo dragons
  3 tyrant leeches
  4 hornets
  8 tarantellas
  10 blink frogs
  2 dream sheep (Lair:5)
  An air elemental (Elf:3)
  6 jumping spiders
  A slime creature (D:13)
  6 spriggans
  A wyvern (Lair:4)
  A shadow (D:10)
  9 culicivoras
  A human (shapeshifter) (D:14)
  A hog (D:13)
  5 yaks
  2 humans (D:14)
  A warg (Orc:2)
  A basilisk (Lair:5)
  3 vampire mosquitoes
  13 redbacks
  2 swamp worms
  2 water moccasins
  An orc warrior (D:11)
  2 small abominations (Lair:5)
  A swamp drake (Swamp:2)
  A centaur (D:9)
  2 bullfrogs
  2 killer bees (D:9)
  An orc priest (Orc:2)
  4 orc wizards (Orc:2)
  3 gnolls
  A swamp drake zombie (Swamp:4)
  12 orcs
  A hobgoblin (D:9)
177 creatures vanquished.

Vanquished Creatures (others)
  2 ghost crabs (Swamp:4)
  2 alligators (Swamp:4)
  2 deep elf knights
  A spark wasp zombie (Spider:4)
  An alligator zombie (Swamp:3)
  A broodmother zombie (Spider:3)
  A wolf spider zombie (Spider:3)
  An eleionoma zombie (Swamp:3)
  A minotaur zombie (Elf:1)
  A steelbarb worm zombie (Spider:4)
  9 redback zombies
  A swamp worm zombie (Swamp:4)
  A spectral elf (Elf:3)
  A demonic crawler zombie (Spider:4)
  4 bloated husks
  6 culicivora zombies
  A moth of wrath zombie (Spider:4)
  2 tarantella zombies
  A tarantella (Spider:3)
  2 meliai zombies
  A jumping spider zombie (Spider:2)
  A culicivora (Spider:3)
  6 slime creature zombies (D:13)
  5 human zombies
  A tengu zombie (D:13)
  A spectral entropy weaver (Spider:3)
  3 cane toad zombies
  An entropy weaver zombie (Spider:4)
  2 hornet zombies
  2 dream sheep zombies (Lair:5)
  2 elephant zombies (Lair:3)
  19 elf zombies
  6 blink frog zombies
  5 phantoms (Swamp:4)
  A rime drake zombie (Lair:1)
  2 vampire mosquito zombies
  A wyvern zombie (Lair:2)
  2 warg zombies (Orc:2)
  4 water moccasin zombies
  2 spriggan zombies (Swamp:3)
  3 yak zombies
  3 centaur zombies (D:14)
  An orc priest (Orc:2)
  A bullfrog zombie (Lair:1)
  A kobold zombie (D:12)
  4 orc wizards
  3 killer bee zombies (D:9)
  An ogre zombie (Orc:2)
  A howler monkey zombie (D:9)
  4 gnoll zombies
  An adder zombie (D:6)
  A bombardier beetle zombie (D:7)
  A goblin zombie (D:9)
  2 hobgoblin zombies (D:9)
  56 orc zombies
  4 foxfires
195 creatures vanquished.

Grand Total: 1492 creatures vanquished

Notes
Turn   | Place    | Note
-------+----------+-------------------------------------------
     0 | D:1      | grandjackal the Demonspawn Gladiator began the quest for
                  | the Orb.
     0 | D:1      | Reached XP level 1. HP: 16/16 MP: 1/1
   137 | D:1      | Gained mutation: You are partially covered in large bone
                  | plates. (SH +4) [demonic ancestry]
   137 | D:1      | Reached XP level 2. HP: 22/22 MP: 2/2
   626 | D:1      | Reached XP level 3. HP: 24/28 MP: 3/3
  1446 | D:3      | Gained mutation: You sometimes gain a little power by
                  | taking damage. [demonic ancestry]
  1446 | D:3      | Reached XP level 4. HP: 35/35 MP: 4/4
  1706 | D:3      | Reached skill level 1 in Shields
  1796 | D:3      | Gained mutation: You may rarely emit foul miasma when
                  | damaged in melee. [demonic ancestry]
  1796 | D:3      | Reached XP level 5. HP: 41/41 MP: 5/5
  2417 | D:4      | Found a transporter.
  2418 | D:4      | Found a transporter.
  2768 | D:4      | Noticed Robin
  2788 | D:4      | Killed Robin
  2874 | D:4      | Found an iron altar of Okawaru.
  3033 | D:4      | Noticed MisterAzrael's ghost (novice OpSh)
  3173 | D:5      | Entered Level 5 of the Dungeon
  3194 | D:5      | Reached XP level 6. HP: 48/48 MP: 6/6
  3196 | D:5      | Noticed an ice beast
  3213 | D:5      | Found a sand-covered staircase.
  3218 | Ossuary  | Entered an ossuary
  3218 | Ossuary  | Found a huge runed translucent gate.
  3218 | Ossuary  | Found a huge runed translucent gate.
  3218 | Ossuary  | Found a huge runed translucent gate.
  3218 | Ossuary  | Found a huge runed translucent gate.
  3218 | Ossuary  | Found a huge runed translucent gate.
  3218 | Ossuary  | Found a huge runed translucent gate.
  3218 | Ossuary  | Found a huge runed translucent gate.
  3218 | Ossuary  | Found a huge runed translucent gate.
  3345 | Ossuary  | Found a huge runed translucent gate.
  3345 | Ossuary  | Found a huge runed translucent gate.
  3345 | Ossuary  | Found a huge runed translucent gate.
  3346 | Ossuary  | Found a huge runed translucent gate.
  3346 | Ossuary  | Found a huge runed translucent gate.
  3348 | Ossuary  | Found a huge runed translucent gate.
  3348 | Ossuary  | Found a huge runed translucent gate.
  3379 | Ossuary  | Found a huge runed translucent gate.
  3379 | Ossuary  | Found a huge runed translucent gate.
  3379 | Ossuary  | Found a huge runed translucent gate.
  3379 | Ossuary  | Found a huge runed translucent gate.
  3379 | Ossuary  | Found a huge runed translucent gate.
  3380 | Ossuary  | Found a huge runed translucent gate.
  3380 | Ossuary  | Found a huge runed translucent gate.
  3382 | Ossuary  | Found a huge runed translucent gate.
  3382 | Ossuary  | Found a huge runed translucent gate.
  3383 | Ossuary  | Found a huge runed translucent gate.
  3383 | Ossuary  | Found a huge runed translucent gate.
  3384 | Ossuary  | Found a huge runed translucent gate.
  3384 | Ossuary  | Found a huge runed translucent gate.
  3426 | Ossuary  | Found a huge runed translucent gate.
  3426 | Ossuary  | Found a huge runed translucent gate.
  3427 | Ossuary  | Found a huge runed translucent gate.
  3427 | Ossuary  | Found a huge runed translucent gate.
  3427 | Ossuary  | Found a huge runed translucent gate.
  3427 | Ossuary  | Found a huge runed translucent gate.
  3427 | Ossuary  | Found a huge runed translucent gate.
  3464 | Ossuary  | Reached XP level 7. HP: 30/55 MP: 7/7
  3634 | D:5      | Reached skill level 5 in Fighting
  3634 | D:5      | Reached skill level 5 in Long Blades
  3988 | D:5      | Found a staircase to the Ecumenical Temple.
  3998 | Temple   | Entered the Ecumenical Temple
  4073 | Temple   | Became a worshipper of Yredelemnul the Dark
  4199 | D:5      | Reached skill level 1 in Invocations
  4397 | D:5      | Reached skill level 2 in Invocations
  4455 | D:5      | Reached * piety under Yredelemnul
  4456 | D:5      | Gained mutation: You are mostly covered in large bone
                  | plates. (SH +6) [demonic ancestry]
  4456 | D:5      | Reached XP level 8. HP: 57/64 MP: 9/9
  4691 | D:6      | Reached skill level 3 in Invocations
  5174 | D:5      | Reached skill level 4 in Invocations
  5510 | D:6      | Noticed Grinder
  5522 | D:6      | Killed Grinder
  5523 | D:6      | Reached skill level 5 in Invocations
  5799 | D:6      | Found a shimmering altar of Xom.
  5828 | D:6      | Gained mutation: You have large cloven feet. [demonic
                  | ancestry]
  5828 | D:6      | Reached XP level 9. HP: 72/72 MP: 13/13
  5939 | D:6      | Noticed Jeremiah
  5947 | D:6      | Reached skill level 6 in Invocations
  6143 | D:7      | Noticed Maggie
  6964 | D:7      | Killed Maggie
  6965 | D:7      | Reached skill level 7 in Invocations
  7149 | D:7      | Reached ** piety under Yredelemnul
  7440 | D:8      | Reached skill level 8 in Invocations
  7766 | D:8      | Noticed Gastronok
  8143 | D:8      | Reached XP level 10. HP: 38/79 MP: 16/16
  8350 | D:8      | Noticed Maurice
  8370 | D:8      | Something stole a +4 ring of protection
  8377 | D:8      | Something stole 7 javelins
  8378 | D:8      | Killed Maurice
  8379 | D:8      | Reached skill level 9 in Invocations
  8425 | D:8      | Noticed Joseph
  8440 | D:8      | Killed Joseph
  8660 | D:8      | Reached *** piety under Yredelemnul
  8666 | D:8      | Reached **** piety under Yredelemnul
  8729 | D:8      | Killed Gastronok
  8730 | D:8      | Reached ***** piety under Yredelemnul
  8730 | D:8      | Reached skill level 10 in Invocations
  9270 | D:9      | Reached skill level 10 in Fighting
  9274 | D:9      | Found a flagged portal.
  9311 | D:9      | Noticed a two-headed ogre
  9319 | D:9      | Killed a two-headed ogre
  9320 | D:9      | Reached skill level 11 in Invocations
  9320 | D:9      | Gained mutation: You are completely covered in large bone
                  | plates. (SH +8) [demonic ancestry]
  9320 | D:9      | Reached XP level 11. HP: 43/91 MP: 19/19
  9363 | D:9      | Noticed a two-headed ogre
  9375 | D:9      | Killed a two-headed ogre
  9537 | Bailey   | Entered a bailey
  9910 | Bailey   | Reached skill level 10 in Long Blades
 10309 | D:9      | Found a staircase to the Orcish Mines.
 10359 | D:9      | Reached skill level 12 in Invocations
 10698 | D:9      | Found a sparkling altar of Nemelex Xobeh.
 10707 | D:9      | Found a shimmering blue altar of Sif Muna.
 10933 | D:10     | Entered Level 10 of the Dungeon
 10964 | D:10     | Noticed an arcanist
 10970 | D:10     | Killed an arcanist
 11237 | D:10     | Found a staircase to the Lair.
 11846 | D:11     | Noticed a two-headed ogre
 11854 | D:11     | Killed a two-headed ogre
 11855 | D:11     | Reached skill level 13 in Invocations
 11888 | D:11     | Reached XP level 12. HP: 103/103 MP: 21/21
 11916 | D:11     | Noticed a two-headed ogre
 11924 | D:11     | Killed a two-headed ogre
 12346 | D:11     | Noticed Lodul
 12381 | D:11     | Killed Lodul
 12575 | D:12     | Noticed a boulder beetle
 12641 | D:12     | Got the Anthology of Scorched Austromancy
 13174 | D:12     | Reached skill level 14 in Invocations
 13179 | D:12     | Noticed Psyche
 13192 | D:12     | Killed Psyche
 13912 | D:12     | Killed a boulder beetle
 14169 | Orc:1    | Entered Level 1 of the Orcish Mines
 14219 | Orc:1    | Noticed a two-headed ogre
 14227 | Orc:1    | Killed a two-headed ogre
 14576 | Orc:2    | Entered Level 2 of the Orcish Mines
 14587 | Orc:2    | Reached skill level 15 in Invocations
 14688 | Orc:2    | Noticed an orc high priest
 14793 | Orc:1    | Reached skill level 15 in Fighting
 14877 | Orc:1    | Reached XP level 13. HP: 64/105 MP: 24/24
 15298 | Orc:2    | Found Guamegea's Distillery.
 15298 | Orc:2    | Found Loadoura's Antique Armour Shop.
 15313 | Orc:2    | Found Fonomiaf's Armour Boutique.
 15313 | Orc:2    | Found Gigh's Jewellery Shop.
 15389 | Orc:2    | Bought a +2 pair of gloves for 231 gold pieces
 15395 | Orc:2    | Bought the ring of the Cicada {rPois rC+ Str+5 Slay+3} for
                  | 770 gold pieces
 15399 | Orc:2    | Bought a potion of might for 52 gold pieces
 15399 | Orc:2    | Bought a potion of mutation for 104 gold pieces
 15399 | Orc:2    | Bought a potion of resistance for 130 gold pieces
 15458 | Orc:2    | Noticed Saint Roka
 15488 | Orc:2    | Killed Saint Roka
 15488 | Orc:2    | Charmed Saint Roka
 15740 | Orc:2    | Found a staircase to the Elven Halls.
 15938 | Orc:2    | Noticed Jorgrun
 15951 | Orc:2    | Killed Jorgrun
 16298 | Lair:1   | Entered Level 1 of the Lair of Beasts
 16376 | Lair:1   | Reached skill level 16 in Invocations
 16833 | Lair:1   | Reached ****** piety under Yredelemnul
 16949 | Lair:1   | Noticed Erica
 16957 | Lair:1   | Killed Erica
 17818 | Lair:2   | Found a hole to the Spider Nest.
 18638 | Lair:3   | Reached skill level 17 in Invocations
 18719 | Lair:3   | Gained mutation: You have hoof-like feet. [demonic
                  | ancestry]
 18719 | Lair:3   | Reached XP level 14. HP: 119/126 MP: 26/26
 18829 | Lair:3   | Found a runed translucent door.
 18829 | Lair:3   | Noticed Loonster's ghost (journeyman TrSh)
 19543 | Lair:3   | Found a staircase to the Swamp.
 20020 | Lair:4   | Found a viscous altar of Jiyva.
 20021 | Lair:4   | Found a staircase to the Slime Pits.
 20429 | Lair:4   | Identified the +9 quarterstaff of the Apocalypse {elec,
                  | rElec rF+ Int+2}
 20877 | Lair:5   | Entered Level 5 of the Lair of Beasts
 21008 | Lair:5   | Reached skill level 18 in Invocations
 22041 | Lair:5   | Reached XP level 15. HP: 136/136 MP: 28/28
 22228 | Lair:5   | Reached skill level 19 in Invocations
 22248 | Lair:5   | Found a corrupted altar of Lugonu.
 22248 | Lair:5   | Found a one-way gate to the infinite horrors of the Abyss.
 23366 | D:13     | Reached skill level 15 in Long Blades
 23771 | D:13     | Noticed Kirke
 23806 | D:13     | Noticed a sphinx
 23807 | D:13     | Killed Kirke
 23807 | D:13     | Charmed Kirke
 24749 | D:14     | You are sucked into a shaft and drop 1 floor!
 24749 | D:15     | Entered Level 15 of the Dungeon
 24968 | D:14     | Found a runed translucent door.
 24980 | D:14     | Identified the +1 ring mail "Earthly Heaven" {rF- Str+2
                  | Int+3 Dex+7}
 25146 | D:14     | Found a runed translucent door.
 25238 | D:14     | Reached skill level 20 in Invocations
 25397 | D:14     | Reached skill level 5 in Dodging
 25426 | D:14     | Found a gate to the Vaults.
 25437 | D:14     | Identified the +3 great mace of the Toadstool {holy, Fly
                  | Will- Str+2 Int+3}
 25619 | D:14     | Found a basalt altar of Yredelemnul.
 26073 | D:14     | Identified the +1 plate armour of Chimes {Str+3 Int+3}
 26187 | D:15     | Reached XP level 16. HP: 81/146 MP: 30/30
 26338 | D:15     | Found a staircase to the Depths.
 27572 | D:6      | Killed Jeremiah
 27705 | Orc:2    | Bought a potion of curing for 39 gold pieces
 27705 | Orc:2    | Bought a potion of curing for 39 gold pieces
 27864 | Swamp:1  | Entered Level 1 of the Swamp
 29185 | Swamp:2  | Identified the orb of the Orcish Mines {*channel, Str+3
                  | Slay+3 Hexes}
 29190 | Swamp:2  | Reached skill level 5 in Shields
 29192 | Swamp:2  | Reached skill level 21 in Invocations
 29924 | Swamp:3  | Identified the +2 mace of Sukiujac {heavy, +Blink rC+ Str-2
                  | Int+2}
 30315 | Swamp:3  | Noticed Nikola
 30333 | Swamp:3  | Killed Nikola
 30333 | Swamp:3  | Charmed Nikola
 30659 | Swamp:3  | Identified a scroll of acquirement
 30883 | Swamp:3  | Acquired 932 gold pieces
 30912 | Swamp:4  | Entered Level 4 of the Swamp
 31372 | Swamp:4  | Noticed a bone dragon
 31775 | Swamp:3  | Killed a bone dragon
 32342 | Swamp:4  | Gained mutation: You have hooves in place of feet. [demonic
                  | ancestry]
 32342 | Swamp:4  | Reached XP level 17. HP: 135/155 MP: 31/31
 32659 | Swamp:4  | Got a decaying rune of Zot
 32963 | Spider:1 | Entered Level 1 of the Spider Nest
 33457 | Spider:1 | Reached skill level 1 in Armour
 33482 | Spider:1 | Noticed Mlioglotl
 33505 | Spider:1 | Killed Mlioglotl
 33541 | Spider:1 | HP: 2/155 [culicivora (29)]
 34657 | Spider:2 | Noticed Roxanne
 34711 | Spider:2 | Reached skill level 22 in Invocations
 36975 | Spider:4 | Entered Level 4 of the Spider Nest
 37246 | Spider:4 | Reached skill level 5 in Armour
 37390 | Spider:4 | Gained mutation: You sometimes emit foul miasma when
                  | damaged in melee. [demonic ancestry]
 37390 | Spider:4 | Reached XP level 18. HP: 59/164 MP: 33/33
 37824 | Spider:4 | Noticed Arachne
 37859 | Spider:4 | Killed Arachne
 37859 | Spider:4 | Charmed Arachne
 37869 | Spider:4 | Reached skill level 23 in Invocations
 38181 | Spider:4 | Got a gossamer rune of Zot
 39087 | Elf:1    | Entered Level 1 of the Elven Halls
 39355 | Elf:1    | Paralysed by an air elemental for 1 turns
 39358 | Elf:1    | Identified the +3 leather armour of the Endless Expanse
                  | {Int-2 Dex+5 Stlth+}
 39358 | Elf:1    | Noticed Frances
 39415 | Elf:1    | Killed Frances
 39832 | Elf:1    | Noticed Zenata
 40145 | Elf:1    | Noticed Asterion
 40241 | Elf:1    | Killed Asterion
 40428 | Elf:1    | Reached skill level 10 in Shields
 40675 | Elf:1    | Got the Omnibus of Violence
 40711 | Elf:1    | Your ally Asterion died
 41121 | Elf:1    | Killed Zenata
 41523 | Elf:2    | Found Eclilag's Armour Emporium.
 41594 | Elf:2    | Found Xeiraplu's General Store.
 41848 | Elf:2    | Found a runed translucent gate.
 41848 | Elf:2    | Found a runed translucent gate.
 41848 | Elf:2    | Found a runed translucent gate.
 41856 | Elf:2    | Found Hathaliu's Distillery.
 41863 | Elf:2    | Bought a potion of haste for 170 gold pieces
 41863 | Elf:2    | Bought a potion of heal wounds for 85 gold pieces
 41863 | Elf:2    | Bought a potion of heal wounds for 85 gold pieces
 41863 | Elf:2    | Bought 2 potions of might for 136 gold pieces
 41879 | Elf:2    | Paralysed by an air elemental for 1 turns
 41922 | Elf:2    | Found Cojep's General Store.
 41922 | Elf:2    | Found Liva's Antique Weapon Shop.
 41983 | Elf:2    | Bought 2 potions of curing for 84 gold pieces
 41983 | Elf:2    | Bought a potion of heal wounds for 70 gold pieces
 42334 | Elf:3    | Entered Level 3 of the Elven Halls
 42604 | Elf:3    | Found Totixt's Jewellery Emporium.
 42605 | Elf:3    | Found Seizian's Book Shop.
 42606 | Elf:3    | Found Egyciam's Jewellery Emporium.
 42612 | Elf:3    | Bought an amulet of reflection for 390 gold pieces
 42627 | Elf:3    | Bought the ring "Qiaruacare" {Wiz rC+ Int+4 Dex+3} for 821
                  | gold pieces
 42845 | Elf:3    | Gained mutation: Your presence sometimes corrodes those you
                  | injure. [demonic ancestry]
 42845 | Elf:3    | Reached XP level 19. HP: 173/173 MP: 34/34
 42959 | Elf:3    | Reached skill level 24 in Invocations
 42972 | Elf:3    | Paralysed by an air elemental for 1 turns
 43187 | Elf:3    | Killed from afar by a deep elf death mage

Illustrated notes

Levels and vault maps discovered:
D:1:      lemuel_arrival_tunnels, layout_loops_ring, minmay_cut_off
D:2:      layout_basic
D:3:      layout_loops_ring, serial_bayou, serial_bayou_ford_a,
          serial_bayou_pond_b, serial_bayou_pond_b, serial_bayou_pond_b
D:4:      layout_basic, mainiacjoe_overflow_large_starburst,
          gammafunk_ghost_gnarly_gnolls, solitary_fountain, nrook_uturn,
          uniq_robin
D:5:      layout_layer_cave, temple_fountains, nicolae_ossuary_entry_ruins
D:6:      layout_loops_cross, led_xom_imps, sword_in_stone, uniq_jeremiah,
          uniq_grinder
D:7:      layout_rooms, mainiacjoe_overflow_paths, uniq_maggie
D:8:      layout_gridville, special_room [special_room_orc],
          chequers_serial_rivers_large_a, nicolae_the_louvre, uniq_joseph,
          uniq_gastronok, uniq_maurice
D:9:      layout_big_octagon, minitemple,
          kennysheep_orc_monster_closet_entryway, enter_bailey_4
D:10:     layout_loops_ring, hellmonk_lair_entry_icy, lightli_wizard_tower
D:11:     layout_roguey, uniq_lodul
D:12:     layout_long_grid, minivault_8, uniq_psyche
D:13:     layout_loops_ring, uniq_kirke
D:14:     cheibrodos_histonic, layout_gridville, ximxim_vaults_locker_room,
          basic_altar, lemuel_zombie_altar_yredelemnul
D:15:     grunt_enter_depths_hoard, layout_basic, palyth_stone_intersect
Temple:   minmay_temple_bridge_d
Lair:1:   layout_layer_cave, grunt_megastairs_5, uniq_erica
Lair:2:   layout_regular_city, spider_nest_entry_webs,
          chequers_serial_rivers_micro_a, grunt_megastairs_4
Lair:3:   layout_regular_city, minmay_swamp_entry_worms, serial_forest,
          infiniplex_forest_clump_medium, infiniplex_forest_lined_3,
          infiniplex_forest_side_room, infiniplex_forest_end_3,
          infiniplex_forest_join, gammafunk_ghost_grave,
          hangedman_lair_unloving_vines
Lair:4:   layout_layer_cave, slime_entry_1, st_stairs_4
Lair:5:   hellmonk_lair_end_abyssal_woods, layout_cave_pods,
          nzn_sisyphean_effort, serial_bayou_shore_b, lemuel_fruit_tree
Swamp:1:  layout_basic_swamp, evilmike_swamp_ruin_house_5, swamp_pool_1_2,
          infiniplex_staircase_pool, nicolae_swamp_decorative_isthmus
Swamp:2:  layout_falls_marsh, evilmike_swamp_ruin_house_6
Swamp:3:  layout_basic_swamp, nicolae_swamp_oxbows, swamp_pool_1_2,
          cheibrodos_swamp_witchery, uniq_nikola
Swamp:4:  swamp_pestilence, layout_basic_swamp, swamp_pool_5
Spider:1: layout_spider_delve, hellmonk_test_site, uniq_mlioglotl
Spider:2: layout_spider_delve, nicolae_spider_webs_and_nodes, uniq_roxanne
Spider:3: layout_cave_pods
Spider:4: johnstein_spider_rune_arachne_lair, uniq_arachne
Orc:1:    layout_caves
Orc:2:    st_orc_mages, layout_diamond_mine, nicolae_orc_sculptors_studio,
          abandoned_shop, uniq_saint_roka, uniq_jorgrun
Elf:1:    eino_elf_arrival_customs, layout_loops_ring, minmay_elf_annihilation,
          uniq_frances, uniq_zenata, uniq_asterion
Elf:2:    elven_hall_of_blades_hangedman_original [nicolae_blade_lattice],
          layout_gridlike, serial_shops, nicolae_shop_just_a_little_nook, shop,
          shop, shop, shop, chequers_big_river, grunt_ministairs_1
Elf:3:    minmay_elf_hall_hex, layout_geoelf_grid, minmay_shop_grove

Skill      XL: |  1  2  3  4  5  6  7  8  9 10 11 12 13 14 15 16 17 18 19 |
---------------+----------------------------------------------------------+-----
Throwing       | 2 |  2.0
Dodging        | 3 5 8 |  8.3
Long Blades    | 3 4 5 6 8 9 10 12 13 14 15 | 15.0
Fighting       | 3 4 5 7 8 10 12 15 16 18 19 20 21 | 21.6
Shields        | 1 2 3 4 6 8 10 | 10.9
Invocations    | 2 5 8 11 13 15 17 18 20 21 22 23 24 | 24.2
Armour         | 5 7 8 |  8.6

Action                     |  1- 3 |  4- 6 |  7- 9 | 10-12 | 13-15 | 16-18 | 19-21 || total
---------------------------+-------+-------+-------+-------+-------+-------+-------++-------
  Melee: Long sword        |   148 |   277 |   266 |       |       |       |       ||   691
         Punch             |       |     1 |       |       |       |       |       ||     1
         Unarmed           |       |    14 |       |       |       |       |       ||    14
         Demon blade       |       |       |   151 |   649 |  1144 |  1466 |   105 ||  3515
         Scimitar          |       |       |       |       |    12 |       |       ||    12
         Kick              |       |       |       |       |       |   387 |    54 ||   441
  Throw: Throwing net      |       |       |     1 |     1 |       |       |       ||     2
 Invoke: Recall Undead Har |       |       |     1 |       |       |       |       ||     1
         Bind Soul         |       |       |       |       |     3 |     3 |       ||     6
         Dark Bargain      |       |       |       |       |     1 |       |       ||     1
         Drain Life        |       |       |       |       |     2 |     5 |     1 ||     8
  Evoke: Wand              |       |       |     3 |     6 |       |     7 |       ||    16
    Use: Scroll            |       |       |     6 |     1 |    13 |    14 |     5 ||    39
         Potion            |       |       |       |     2 |     2 |     8 |       ||    12
   Stab: Distracted        |       |       |     3 |     3 |    19 |    24 |       ||    49
 Armour: Leather armour    |    92 |    54 |       |       |       |       |       ||   146
         Ring mail         |       |    63 |   200 |   246 |   397 |   806 |    42 ||  1754
         Skin              |       |     3 |       |       |       |       |       ||     3
  Dodge: Dodged            |   104 |   139 |   121 |   225 |   370 |   765 |    26 ||  1750
         Repelled          |       |     1 |     1 |       |       |       |       ||     2
  Block: Other             |    28 |    30 |       |       |       |       |       ||    58
         Buckler           |       |    50 |   265 |   494 |   628 |   979 |    66 ||  2482
         Reflection        |       |       |       |       |       |     3 |    20 ||    23

Table legend: (Time is in decaauts)
 A = Elapsed time spent in this place.
 B = Non-inter-level travel time spent in this place.
 C = Inter-level travel time spent in this place.
 D = Time resting spent in this place.
 E = Time spent auto-exploring this place.
 F = Levels seen in this place.
 G = Mean time per level.
                   A        B        C        D        E       F      G
               +--------+--------+--------+--------+--------+-----+--------+
         Total |  42354 |  40406 |   1948 |   9035 |  23235 |  36 | 1176.5 |
       Dungeon |  17941 |  17026 |    915 |   3785 |   9767 |  15 | 1196.1 |
        Temple |    146 |     27 |    119 |      0 |      0 |   1 |  146.0 |
          Lair |   6644 |   6258 |    386 |    517 |   4786 |   5 | 1328.8 |
         Swamp |   4906 |   4692 |    214 |   1161 |   2831 |   4 | 1226.5 |
   Spider Nest |   5480 |   5387 |     93 |   1033 |   3456 |   4 | 1370.0 |
  Orcish Mines |   2410 |   2223 |    187 |    890 |    962 |   2 | 1205.0 |
   Elven Halls |   3708 |   3676 |     32 |   1286 |   1215 |   3 | 1236.0 |
       Ossuary |    407 |    407 |      0 |    211 |     36 |   1 |  407.0 |
        Bailey |    707 |    707 |      0 |    151 |    181 |   1 |  707.0 |
               +--------+--------+--------+--------+--------+-----+--------+

Top non-repeatable levels by time:
   Elf:1: 2119 daAuts
Spider:4: 1846 daAuts
    D:14: 1733 daAuts
    D:13: 1634 daAuts
     D:6: 1628 daAuts
     D:5: 1600 daAuts
  Lair:5: 1579 daAuts
 Swamp:3: 1570 daAuts
    D:12: 1553 daAuts
   Orc:2: 1548 daAuts
  Lair:1: 1513 daAuts
 Swamp:4: 1428 daAuts
Spider:3: 1420 daAuts
     D:8: 1354 daAuts
  Lair:2: 1247 daAuts
